 Dungeon Crawl Stone Soup version 0.24-a0-335-g06ca16a (webtiles) character file.

Game seed: 9168417503994331237

244 mhoghedin the Grave Robber (level 5, -6/35 HPs)
             Began as a Mummy Necromancer on May 19, 2019.
             Was an Initiate of Sif Muna.
             Mangled by Duvessa
             ... wielding a cursed -2 short sword
              (18 damage)
             ... on level 4 of the Dungeon.
             The game lasted 00:05:49 (3167 turns).

mhoghedin the Grave Robber (Mummy Necromancer)      Turns: 3167, Time: 00:05:50

Health: -6/35      AC:  5    Str: 11    XL:     5   Next: 83%
Magic:  0/11       EV: 12    Int: 16    God:    Sif Muna [......]
Gold:   140        SH:  0    Dex: 12    Spells: 7/12 levels left

rFire    x . .     SeeInvis .   k - +3 falchion (protect)
rCold    + . .     Gourm    .   (no shield)
rNeg     + + +     Faith    .   a - +0 robe
rPois    ∞         Spirit   .   (no helmet)
rElec    .         Reflect  .   h - +2 cloak
rCorr    .         Harm     .   (no gloves)
MR       .....                  (no boots)
Stlth    ++........             (no amulet)
HPRegen  0.11/turn              (no ring)
MPRegen  0.12/turn              (no ring)

@: no status effects
A: no food or potions, fire vulnerability, cold resistance 1, negative energy
resistance 3, torment resistance, unbreathing
a: Renounce Religion


You were on level 4 of the Dungeon.
You worshipped Sif Muna.
Sif Muna was noncommittal.
You were not hungry.

You visited 1 branch of the dungeon, and saw 4 of its levels.

You collected 140 gold pieces.

Inventory:

Hand Weapons
 k - a +3 falchion of protection (weapon)
   (You found it on level 3 of the Dungeon)
Armour
 a - a +0 robe (worn)
 h - a +2 cloak (worn)
   (You found it on level 3 of the Dungeon)
Wands
 c - a wand of iceblast (6)
   (You found it on level 3 of the Dungeon)
Scrolls
 b - 2 scrolls of remove curse
 d - 2 scrolls of identify
 e - a scroll of teleportation
 f - a scroll of amnesia {unknown}
 g - a scroll of enchant weapon


   Skills:
 - Level 1.5 Dodging
 - Level 1.5 Stealth
 - Level 4.0 Spellcasting
 + Level 6.7 Necromancy


You had 7 spell levels left.
You knew the following spells:

 Your Spells              Type           Power        Failure   Level  Hunger
a - Pain                  Necr           ###.         1%          1    N/A
x - Vampiric Draining     Necr           ###.......   3%          3    N/A
A - Animate Skeleton      Necr           N/A          1%          1    N/A

Your spell library contained the following spells:

 Spells                   Type           Power        Failure   Level  Hunger
 Animate Dead             Necr           N/A          11%         4    N/A
 Regeneration             Chrm/Necr      Unusable     N/A         3    N/A

Dungeon Overview and Level Annotations

Branches:
Dungeon (4/15)
 Temple: D:4-7

Altars:
Ashenzari
Okawaru
Sif Muna

Annotations:
D:4 Duvessa


Innate Abilities, Weirdness & Mutations

You do not eat or drink.
Your flesh is vulnerable to fire.
You are immune to poison.
Your flesh is cold resistant. (rC+)
You are immune to negative energy. (rN+++)
You are immune to unholy pain and torment.
You can survive without breathing.


Message History

You kill the jackal!
Sif Muna accepts your kill.
You now have 7/11 mp.
Aim: a jackal (chance to defeat MR: 92%)
The jackal writhes in agony.
You kill the jackal!
Sif Muna accepts your kill. The jackal completely misses you.
You riposte.
You hit the jackal.
Your weapon exudes an aura of protection.
You now have 6/11 mp.
Aim: a jackal (moderately wounded, chance to defeat MR: 92%)
The jackal writhes in agony.
The jackal bites you but does no damage.
The jackal barely misses you.
You riposte.
You hit the jackal.
You kill the jackal!
Sif Muna accepts your kill.
You now have 5/11 mp.
You can't see any susceptible monsters within range! (Use Z to cast anyway.)
You can't see any susceptible monsters within range! (Use Z to cast anyway.)
f - a scroll labeled QAERUNOUKEJ Dowan, Brother of Duvessa comes into view.
He is wielding a +0 dagger.
You regained 4 mp, and now have 9/11 mp.
You can't see any susceptible monsters within range! (Use Z to cast anyway.)
You can't see any susceptible monsters within range! (Use Z to cast anyway.)
Aim: Dowan, wielding a +0 dagger and wearing a +0 robe (chance to defeat MR: 83%) Dowan barely resists.
Dowan gestures at you while chanting. The puff of frost hits you. You resist.
You take 3 damage, and have 32/35 hp.
You now have 8/11 mp.
Aim: Dowan, wielding a +0 dagger and wearing a +0 robe (chance to defeat MR: 83%) Dowan writhes in agony.
You now have 7/11 mp.
Aim: Dowan, wielding a +0 dagger and wearing a +0 robe (moderately wounded, chance to defeat MR: 83%) Dowan writhes in agony.
You now have 6/11 mp.
Aim: Dowan, wielding a +0 dagger and wearing a +0 robe (heavily wounded, chance to defeat MR: 83%) Dowan writhes in agony.
You now have 5/11 mp.
Aim: Dowan, wielding a +0 dagger and wearing a +0 robe (severely wounded, chance to defeat MR: 83%) Dowan barely resists.
Dowan gestures at you while chanting. The puff of frost misses you.
You now have 4/11 mp.
Aim: Dowan, wielding a +0 dagger and wearing a +0 robe (severely wounded, chance to defeat MR: 83%) Dowan writhes in agony.
Dowan hits you with a +0 dagger.
You take 4 damage, and have 29/35 hp.
Aim: Dowan, wielding a +0 dagger and wearing a +0 robe (almost dead, chance to defeat MR: 83%) Dowan writhes in agony.
You kill Dowan!
Sif Muna accepts your kill.
You hear a distant scream of rage.
You now have 3/11 mp.
Things that are here:
a +0 dagger; a +0 robe Duvessa, Sister of Dowan comes into view.
She is wielding a -2 short sword.
You see here a jackal corpse.
Found a stone staircase leading up.
You start resting.
Health restored: 35; MP restored: 11
There is a stone staircase leading up here.
There is a stone staircase leading up here.
Duvessa goes berserk!
Duvessa is too close now for your liking.
Aim: Duvessa, wielding a -2 short sword and wearing a +0 scale mail (berserk, fast, unusually strong)
The mass of ice explodes!
The iceblast engulfs Duvessa!
Duvessa hits you with a cursed -2 short sword.
You take 5 damage, and have 30/35 hp.
Aim: Duvessa, wielding a -2 short sword and wearing a +0 scale mail (lightly wounded, berserk, fast, unusually strong)
You feel life coursing into your body.
Duvessa hits you with a cursed -2 short sword.
You take 3 damage, and have 27/35 hp.
You now have 8/11 mp.
Aim: Duvessa, wielding a -2 short sword and wearing a +0 scale mail (moderately wounded, berserk, fast, unusually strong)
You feel life coursing into your body. Duvessa barely misses you.
You riposte.
You barely miss Duvessa.
Duvessa hits you with a cursed -2 short sword.
You take 2 damage, and have 25/35 hp.
You now have 5/11 mp.
Aim: Duvessa, wielding a -2 short sword and wearing a +0 scale mail (moderately wounded, berserk, fast, unusually strong)
You feel life coursing into your body.
Duvessa hits you with a cursed -2 short sword!
You take 10 damage, and have 15/35 hp.
MASSIVE DAMAGE!!
You now have 2/11 mp.
Aim: Duvessa, wielding a -2 short sword and wearing a +0 scale mail (heavily wounded, berserk, fast, unusually strong) That beam is likely to hit you.
Continue anyway?
Okay, then.
Unknown command.
Aim: Duvessa, wielding a -2 short sword and wearing a +0 scale mail (heavily wounded, berserk, fast, unusually strong)
Okay, then.
Unknown command.
Duvessa barely misses you.
You riposte.
You barely miss Duvessa. Duvessa closely misses you.
Aim: Duvessa, wielding a -2 short sword and wearing a +0 scale mail (heavily wounded, berserk, fast, unusually strong)
You feel life coursing into your body.
Duvessa hits you with a cursed -2 short sword!
Duvessa barely misses you.
You take 3 damage, and have 12/35 hp.
You now have 0/11 mp.
Duvessa rages.
Duvessa hits you with a cursed -2 short sword!!
Ouch! That really hurt!
You die...

##..#..............
#...##.##.?........
#...##.##..........
#...##.##..........
#######
#...##.##..).......
#.....#
#..................
#.###.#
#......#.######....
###.###.####..e####.#
...
#............@....#.#
.
#.#.###.#.#######.#.#
#.#...............#.#
#.#####.#.........#.#
#...............#.#.#
########).#.....#.#.#
#††#.#...#.#
#..#.#.#.#.#
#..#.#.#.#.#


You could see Duvessa (berserk).

Vanquished Creatures
  Dowan (D:4)
  6 adders
  3 gnolls (D:2)
  2 oozes
  4 worms
  2 dart slugs (D:1)
  3 leopard geckos
  10 orcs
  4 giant cockroaches
  5 goblins
  8 hobgoblins
  8 jackals
  3 quokkas
  6 bats
  6 frilled lizards
  4 kobolds
  8 rats
83 creatures vanquished.

Notes
Turn   | Place    | Note
-------+----------+-------------------------------------------
     0 | D:1      | mhoghedin the Mummy Necromancer began the quest for the
                  | Orb.
     0 | D:1      | Reached XP level 1. HP: 13/13 MP: 4/4
    77 | D:1      | Reached skill level 3 in Spellcasting
   155 | D:1      | Reached XP level 2. HP: 19/19 MP: 4/6
   856 | D:2      | Reached XP level 3. HP: 15/24 MP: 0/8
   964 | D:2      | Learned a level 1 spell: Animate Skeleton
   968 | D:2      | Learned a level 3 spell: Vampiric Draining
  1078 | D:2      | Found a deep blue altar of Sif Muna.
  1323 | D:2      | Reached skill level 4 in Spellcasting
  1675 | D:2      | Reached skill level 5 in Necromancy
  1694 | D:2      | Reached XP level 4. HP: 30/30 MP: 5/10
  1987 | D:2      | Became a worshipper of Sif Muna the Loreminder
  2117 | D:2      | Found a shattered altar of Ashenzari.
  2133 | D:2      | You fall through a shaft!
  2212 | D:3      | Reached XP level 5. HP: 35/35 MP: 8/11
  2222 | D:3      | Found a glowing drain.
  2476 | D:3      | Reached skill level 6 in Necromancy
  2799 | D:3      | Found an iron altar of Okawaru.
  3044 | D:4      | Noticed Dowan
  3052 | D:4      | Killed Dowan
  3059 | D:4      | Noticed Duvessa
  3167 | D:4      | Mangled by Duvessa

Levels and vault maps discovered:
D:1:      dpeg_arrival_tiny_a, layout_basic
D:2:      wander_river, layout_basic, ashenzari_conservatory_becter,
          overflow_temple_1_default, uniq_crazy_yiuf_cottage, uniq_natasha
D:3:      layout_rooms, gup_sewer_entry_glass, okawaru_ov_weapons_minmay
D:4:      layout_basic, minmay_temple_entry_poolview, wad_rectangle_vault,
          uniq_pikel, uniq_ijyb, uniq_duvessa

Skill      XL: |  1  2  3  4  5 |
---------------+----------------+-----
Spellcasting   | 3 4 |  4.0
Necromancy     | 5 6 |  6.7
Dodging        | |  1.5
Stealth        | |  1.5

Action                   |  1- 3 |  4- 6 || total
-------------------------+-------+-------++-------
Melee: Dagger            |     5 |     4 ||     9
       Short sword       |       |     7 ||     7
 Cast: Pain              |    87 |   126 ||   213
       Vampiric Draining |       |     4 ||     4
Evoke: Wand              |       |     1 ||     1
  Use: Scroll            |       |     6 ||     6
Armor: Robe              |    12 |    11 ||    23
Dodge: Dodged            |    26 |    33 ||    59
       Rpst.: Falchion   |       |     5 ||     5

Table legend:
 A = Non-vault XP
 B = Vault XP
 C = Vault XP percentage of total XP
 D = Non-vault monster count
 E = Vault monster count
 F = Vault count percentage of total count
                 A         B        C        D         E       F
            +---------+---------+-------+---------+---------+-------
      Total |     286 |      63 |  18.1 |      82 |       1 |   1.2
            +---------+---------+-------+---------+---------+-------
        D:1 |      36 |       0 |   0.0 |      19 |       0 |   0.0
        D:2 |     157 |       0 |   0.0 |      31 |       0 |   0.0
        D:3 |      83 |       0 |   0.0 |      27 |       0 |   0.0
        D:4 |      10 |      63 |  86.3 |       5 |       1 |  16.7
            +---------+---------+-------+---------+---------+-------

Levels and vault maps discovered:
D:1:      dpeg_arrival_tiny_a, layout_basic
D:2:      wander_river, layout_basic, ashenzari_conservatory_becter,
          overflow_temple_1_default, uniq_crazy_yiuf_cottage, uniq_natasha
D:3:      layout_rooms, gup_sewer_entry_glass, okawaru_ov_weapons_minmay
D:4:      layout_basic, minmay_temple_entry_poolview, wad_rectangle_vault,
          uniq_pikel, uniq_ijyb, uniq_duvessa

Table legend:
 A = Turns spent in this place as a percentage of turns spent in the entire game.
 B = Non-inter-level travel turns spent in this place as a percentage of non-inter-level travel turns spent in the entire game.
 C = Inter-level travel turns spent in this place as a percentage of turns spent in this place.
 D = Turns resting spent in this place as a percentage of non-inter-level travel turns spent in this place.
 E = Turns spent auto-exploring this place as a percentage of non-inter-level travel turns spent in this place.
 F = Non-inter-level travel turns spent in this place divided by the number of levels of this place that you've seen.
                   A       B       C       D       E      F
               +-------+-------+-------+-------+-------+----------------------
         Total | 100.0 | 100.0 |   3.0 |  37.4 |  40.9 | 768.0
       Dungeon | 100.0 | 100.0 |   3.0 |  37.4 |  40.9 | 768.0
               +-------+-------+-------+-------+-------+----------------------

Table legend:
 A = Kills in this place as a percentage of kills in entire the game.
 B = Kills by you in this place as a percentage of kills by you in the entire game.
 C = Kills by friends in this place as a percentage of kills by friends in the entire game.
 D = Other kills in this place as a percentage of other kills in the entire game.
 E = Experience gained in this place as a percentage of experience gained in the entire game.
 F = Experience gained in this place divided by the number of levels of this place that you have seen.
                   A       B       C       D       E      F
               +-------+-------+-------+-------+-------+----------------------
         Total | 100.0 | 100.0 |   N/A |   N/A | 100.0 |  87.2
       Dungeon | 100.0 | 100.0 |   N/A |   N/A | 100.0 |  87.2
               +-------+-------+-------+-------+-------+----------------------
